 Dungeon Crawl Stone Soup version 0.22-a0-374-g5dfd9e3 (webtiles) character file.

14598 Leszczynek the Grappler (level 11, -1/109 HPs)
             Began as a Troll Skald on Apr 26, 2018.
             Was a Priest of Makhleb.
             Slain by a meliai
             ... wielding a +0 hand axe
              (4 damage)
             ... on level 13 of the Dungeon.
             The game lasted 00:38:14 (4774 turns).

Leszczynek the Grappler (Troll Skald)               Turns: 4774, Time: 00:38:15

Health: -1/109     AC: 10    Str: 21    XL:     11   Next: 90%
Magic:  14/14      EV: 10    Int: 11    God:    Makhleb [***...]
Gold:   90         SH: 12    Dex: 10    Spells: 8/12 levels left

rFire    . . .     SeeInvis +     - Unarmed
rCold    . . .     Gourm    +   o - +2 shield {AC+3}
rNeg     . . .     Faith    .   K - +0 troll leather armour
rPois    +         Spirit   .   (helmet restricted)
rElec    .         Reflect  .   (no cloak)
rCorr    .         Harm     .   (gloves unavailable)
MR       .....                  (boots unavailable)
Stlth    +.........             u - amulet of Departure {Regen+ SInv}
HPRegen  1.48/turn              r - ring of poison resistance
MPRegen  0.14/turn              (no ring)

@: very slightly contaminated
A: large, unfitting armour, claws 3, fast metabolism 3, gourmand, regeneration
1, shaggy fur 1, tough skin 2
a: Minor Destruction, Lesser Servant of Makhleb, Renounce Religion


You were on level 13 of the Dungeon.
You worshipped Makhleb.
Makhleb was most pleased with you.
You were very full.

You visited 2 branches of the dungeon, and saw 14 of its levels.
You visited 1 bazaar.
You also visited: Labyrinth.

You collected 535 gold pieces.
You spent 445 gold pieces at shops.

Inventory:

Hand Weapons
 j - a +0 blowgun
 F - a +5 blowgun
Missiles
 i - 8 tomahawks
 A - 30 javelins
 L - 4 large rocks (quivered)
 N - 2 throwing nets
Armour
 o - a +2 shield of protection (worn)
 K - a +0 troll leather armour (worn)
Magical Staves
 m - an uncursed staff of wizardry {unknown}
Jewellery
 r - a ring of poison resistance (left claw)
 u - the amulet of Departure (around neck) {Regen+ SInv}
   (You found it in a labyrinth)

   [amulet of regeneration]

   It lets you see invisible.
   It increases your rate of regeneration.
Wands
 b - a wand of enslavement (9)
 l - a wand of flame (71)
 p - a wand of acid (8)
 t - a wand of iceblast (12)
 v - a wand of digging (20)
 C - a wand of clouds (5)
Scrolls
 c - 7 scrolls of teleportation
 f - 2 scrolls of amnesia {unknown}
 g - 2 scrolls of remove curse {@r2}
 k - a scroll of immolation {!r}
 q - a scroll of blinking
 s - a scroll of enchant armour {unknown}
 w - 3 scrolls of fog
 x - a scroll of acquirement {unknown}
 y - a scroll of vulnerability {unknown}
 I - a scroll of random uselessness {unknown}
Potions
 a - a potion of brilliance
 e - 4 potions of might
 h - a potion of cancellation
 n - 4 potions of ambrosia
 B - a potion of invisibility {unknown}
 D - a potion of haste {unknown}
 E - a potion of agility
 G - a potion of berserk rage {unknown}
 H - a potion of curing {unknown}
 J - a potion of heal wounds {@q2}
Miscellaneous
 z - a box of beasts
Comestibles
 d - 12 rations
 M - 6 chunks of flesh


   Skills:
 + Level 7.2 Fighting
 - Level 4.4 Dodging
 + Level 8.1 Shields
 * Level 12.0 Unarmed Combat
 - Level 1.2 Spellcasting
 - Level 2.0 Charms
 - Level 6.1 Invocations


You had 8 spell levels left.
You knew the following spells:

 Your Spells              Type           Power        Failure   Level  Hunger
a - Infusion              Chrm           #...         21%         1    ##.....
b - Shroud of Golubria    Chrm/Tloc      #.........   41%         2    ###....
c - Confusing Touch       Hex            #.....       41%         1    ##.....


Dungeon Overview and Level Annotations

Branches:
Dungeon (13/15)            Temple (1/1) D:4             Orc (0/2) D:12
   Lair: D:8-11      Vaults: D:13-14

Altars:
Ashenzari
Fedhas
Gozag
Hepliaklqana
Kikubaaqudgha
Makhleb
Nemelex Xobeh
Qazlal
Ru
Sif Muna
Uskayaw
Wu Jian
Xom
Yredelemnul
Zin
The Shining One

Shops:
D:9 [

Annotations:
D:10 lair


Innate Abilities, Weirdness & Mutations

You are too large for most types of armour.
You have claws for hands.
Your metabolism is lightning-fast.
You like to eat raw meat.
Your natural rate of healing is unusually fast.
You are covered in fur. (AC +1)
You have very tough skin. (AC +2)


Message History

Blink to where?
Press: ? - help, Dir - move target cursor You are very lightly contaminated with residual magic.
As you read the scroll of blinking, it crumbles to dust.
A polar bear and 3 slime creatures come into view.
The slime creature quivers. x3
The polar bear growls angrily.
You block the slime creature's attack.
Unknown command.
Unknown command.
Unknown command.
The meliai hits you with a hand axe!
* * * LOW HITPOINT WARNING * * *
You block the meliai's attack.
The meliai invokes the aid of its god against you.
Something smites you!
* * * LOW HITPOINT WARNING * * *
Two slime creatures merge to form a large slime creature.
The meliai hits you but does no damage. The meliai stings you.
You die...

#..##.####.......#
#. #§# #...≈≈≈.#
#. #.# #..y≈≈≈.#
..#Z# #.......#
#.#y# #....≈..#
#.#.# #.........
#...# ######....
#yy# #.@# ##J# #.#
... .J. ..h..
..... .......


You could see a large slime creature, a slime creature, a polar bear, 3 meliai
and a meliai zombie.

Vanquished Creatures
  A minotaur (Lab)
  Josephine (D:12)
  4 two-headed ogres
  Erica (D:10)
  Urug (D:10)
  The ghost of Soeti the Insei, a novice OpTm of Cheibriados (D:7)
  A cyclops (D:12)
  2 centaur skeletons (D:11)
  A minotaur zombie (Lab)
  A hellwing (D:11)
  A troll (D:11)
  A hornet (D:11)
  3 hippogriffs
  2 wraiths (D:12)
  12 yaks
  A hungry ghost (D:11)
  2 vampire mosquitoes (D:12)
  A water moccasin (D:11)
  5 sky beasts
  3 ice beasts
  4 orc warriors
  2 phantoms
  8 centaurs
  6 bullfrogs
  3 wights (D:11)
  3 crimson imps
  2 centaur zombies
  2 howler monkeys (D:9)
  2 quasits
  3 orc priests
  3 hounds
  A jelly (D:9)
  5 orc wizards
  Natasha (D:3)
  3 iguanas
  2 worker ants
  A howler monkey skeleton (D:4)
  8 adders
  2 shadow imps
  An adder zombie (D:9)
  2 oozes (D:1)
  3 worms (D:3)
  2 adder skeletons
  3 dart slugs
  4 leopard geckos
  49 orcs
  3 bats
  3 giant cockroaches
  2 gnoll zombies (D:3)
  6 goblins
  4 hobgoblins (D:3)
  A jackal (D:1)
  7 kobolds
  A quokka (D:12)
  A ball python zombie (D:2)
  A frilled lizard (D:2)
  A jackal skeleton (D:8)
  A quokka skeleton (D:2)
  4 rats
205 creatures vanquished.

Vanquished Creatures (collateral kills)
  A hydra (D:12)
  2 vampires (D:12)
  A wraith (D:12)
  2 yaks (D:12)
6 creatures vanquished.

Vanquished Creatures (others)
  2 withered plants (D:11)
2 creatures vanquished.

Grand Total: 213 creatures vanquished

Notes
Turn   | Place    | Note
-------+----------+-------------------------------------------
     0 | D:1      | Leszczynek the Troll Skald began the quest for the Orb.
     0 | D:1      | Reached XP level 1. HP: 19/19 MP: 1/1
    56 | D:1      | Reached XP level 2. HP: 27/27 MP: 2/2
    67 | D:1      | Learned a level 2 spell: Shroud of Golubria
   107 | D:1      | Reached skill level 3 in Unarmed Combat
   218 | D:2      | Reached XP level 3. HP: 33/33 MP: 3/3
   287 | D:3      | Reached skill level 4 in Unarmed Combat
   342 | D:3      | Noticed a bullfrog
   345 | D:3      | Reached XP level 4. HP: 32/41 MP: 4/4
   358 | D:3      | Killed a bullfrog
   358 | D:3      | Reached skill level 5 in Unarmed Combat
   368 | D:3      | Reached XP level 5. HP: 35/48 MP: 3/5
   457 | D:3      | Found a basalt altar of Yredelemnul.
   736 | D:3      | Noticed Natasha
   738 | D:3      | Killed Natasha
  1056 | D:4      | Found a staircase to the Ecumenical Temple.
  1064 | Temple   | Entered the Ecumenical Temple
  1071 | Temple   | Became a worshipper of Makhleb the Destroyer
  1122 | D:4      | Found a stormy altar of Qazlal.
  1131 | D:5      | Entered Level 5 of the Dungeon
  1139 | D:5      | Reached skill level 6 in Unarmed Combat
  1164 | D:5      | Noticed an ice beast
  1192 | D:5      | Killed an ice beast
  1192 | D:5      | Reached XP level 6. HP: 44/55 MP: 6/6
  1248 | D:4      | Noticed a fire elemental
  1249 | D:4      | Noticed an air elemental
  1258 | D:5      | Reached skill level 7 in Unarmed Combat
  1382 | D:5      | Found a sacrificial altar of Ru.
  1597 | D:7      | Reached XP level 7. HP: 51/62 MP: 7/7
  1609 | D:7      | Noticed Soeti's ghost (novice OpTm)
  1743 | D:6      | Reached skill level 8 in Unarmed Combat
  1870 | D:7      | Reached * piety under Makhleb
  2008 | D:7      | Reached skill level 2 in Fighting
  2017 | D:7      | HP: 13/65 [adder (2)]
  2043 | D:7      | Noticed a hippogriff
  2045 | D:7      | yikes
  2114 | D:7      | Killed a hippogriff
  2114 | D:7      | Reached skill level 9 in Unarmed Combat
  2114 | D:7      | Reached XP level 8. HP: 58/74 MP: 8/8
  2175 | D:7      | Reached skill level 3 in Fighting
  2175 | D:7      | Reached skill level 2 in Dodging
  2333 | D:8      | Found a shattered altar of Ashenzari.
  2339 | D:8      | Reached skill level 4 in Fighting
  2348 | D:8      | Found a hazy altar of Hepliaklqana.
  2416 | D:8      | Reached skill level 3 in Dodging
  2434 | D:7      | Killed Soeti's ghost
  2434 | D:7      | Reached skill level 5 in Fighting
  2434 | D:7      | Reached XP level 9. HP: 55/88 MP: 9/9
  2442 | D:7      | Learned a level 1 spell: Confusing Touch
  2465 | D:8      | Found an opulent altar of Gozag.
  2535 | D:8      | Found a hazy altar of Hepliaklqana.
  2578 | D:8      | Found a blossoming altar of Fedhas.
  2641 | D:9      | Reached skill level 4 in Dodging
  2697 | D:10     | Entered Level 10 of the Dungeon
  2702 | D:10     | Noticed Urug
  2802 | D:9      | Reached skill level 6 in Fighting
  2861 | D:9      | Found a glowing silver altar of Zin.
  2913 | D:9      | Found Ydihoax's Antique Armour Boutique.
  2916 | D:9      | Bought a shiny shield for 180 gold pieces
  2925 | D:9      | Reached ** piety under Makhleb
  2951 | D:9      | Reached skill level 1 in Shields
  2980 | D:9      | Noticed a two-headed ogre
  3118 | D:9      | Reached skill level 2 in Shields
  3118 | D:9      | Reached skill level 1 in Invocations
  3134 | D:9      | Reached skill level 3 in Shields
  3136 | D:9      | Reached skill level 2 in Invocations
  3139 | D:9      | Reached skill level 10 in Unarmed Combat
  3248 | D:9      | Killed a two-headed ogre
  3248 | D:9      | Reached skill level 4 in Shields
  3248 | D:9      | Reached XP level 10. HP: 92/100 MP: 10/10
  3323 | D:10     | Noticed Erica
  3324 | D:10     | yikes
  3329 | D:10     | Killed Erica
  3329 | D:10     | Reached skill level 7 in Fighting
  3329 | D:10     | Reached skill level 3 in Invocations
  3352 | D:10     | Killed Urug
  3458 | D:10     | Reached skill level 5 in Shields
  3569 | D:11     | >bazaar
  3569 | D:11     | wow it's nice having 80 gold
  3598 | D:11     | Reached skill level 6 in Shields
  3788 | D:11     | Reached skill level 11 in Unarmed Combat
  3788 | D:11     | Reached XP level 11. HP: 86/109 MP: 12/12
  3806 | D:11     | Reached *** piety under Makhleb
  3902 | D:11     | Reached skill level 7 in Shields
  3971 | D:11     | Found a flickering gateway to a bazaar.
  3988 | D:11     | 135 gold, let's go
  3989 | Bazaar   | Entered a bazaar
  3989 | Bazaar   | Found Vuiza's Armour Emporium.
  3989 | Bazaar   | Found Teulaut's Armour Shoppe.
  3989 | Bazaar   | Found Ehushry's Assorted Antiques.
  3991 | Bazaar   | Found Aggei's Food Boutique.
  3991 | Bazaar   | Found Vuplel Wuo's Gadget Shoppe.
  4009 | Bazaar   | there was 176 gold lying here, how nice
  4033 | Bazaar   | Bought an amethyst potion for 27 gold pieces
  4033 | Bazaar   | Bought a scroll labeled XYPEYH IKEROBA for 31 gold pieces
  4033 | Bazaar   | Bought 3 coppery potions for 83 gold pieces
  4033 | Bazaar   | Bought a potion of might for 124 gold pieces
  4082 | D:11     | Reached skill level 4 in Invocations
  4094 | D:12     | no
  4094 | D:12     | not this time
  4094 | D:12     | i'm not going to lab
  4094 | D:12     | no fucking way
  4150 | D:12     | Noticed a two-headed ogre
  4157 | D:12     | Killed a two-headed ogre
  4160 | D:12     | Noticed an eight-headed hydra
  4172 | D:12     | Killed an eight-headed hydra
  4188 | D:12     | Found a staircase to the Orcish Mines.
  4189 | D:12     | Found a labyrinth entrance.
  4211 | Lab      | Entered a labyrinth
  4212 | Lab      | i did it again
  4314 | Lab      | oh, this was fast
  4319 | Lab      | Noticed a minotaur
  4348 | Lab      | Killed a minotaur
  4348 | Lab      | Reached skill level 5 in Invocations
  4394 | Lab      | Identified the Guide on Summoning and Talismans
  4395 | Lab      | Got a pitted sapphire amulet
  4396 | Lab      | T O R N A D O
  4428 | Lab      | Identified the amulet of Departure {Regen+ SInv} (You found it in a labyrinth)
  4429 | Lab      | hm
  4429 | Lab      | oh well
  4429 | Lab      | i'd probably wear regen anyway
  4533 | D:12     | ok, blinking ID'd
  4560 | D:12     | Noticed Josephine
  4594 | D:12     | Killed Josephine
  4594 | D:12     | Reached skill level 6 in Invocations
  4603 | D:12     | Noticed a two-headed ogre
  4609 | D:12     | Killed a two-headed ogre
  4609 | D:12     | Reached skill level 8 in Shields
  4630 | D:12     | Noticed a two-headed ogre
  4636 | D:12     | Killed a two-headed ogre
  4651 | D:12     | Reached skill level 12 in Unarmed Combat
  4712 | D:12     | Noticed a green ugly thing
  4751 | D:13     | Noticed a red ugly thing
  4755 | D:13     | Noticed a two-headed ogre
  4757 | D:13     | HP: 12/109 [red ugly thing (20)]
  4762 | D:13     | HP: 16/109 [meliai zombie (4)]
  4762 | D:13     | HP: 7/109 [meliai zombie (7)]
  4770 | D:13     | HP: 20/109 [meliai/divine providence (12)]
  4771 | D:13     | HP: 4/109 [meliai/divine providence (7)]
  4774 | D:13     | Slain by a meliai

Vault maps used:
D:1:      dpeg_arrival_brainrot
D:2:      lemuel_doored_altar, serial_undead, serial_undead_e, serial_undead_d,
          serial_undead_d, serial_undead_c, serial_undead_c, serial_undead_c,
          serial_undead_f, first_ration
D:3:      lemuel_zombie_altar_yredelemnul, okawaru_altar_gauntlet_db,
          uniq_natasha
D:4:      nicolae_overflow_hidden_temple, nicolae_qazlal_style_of_elements,
          minmay_temple_entry_glassed_door, kennysheep_cross_room,
          minmay_misc_feat_doors
D:5:      nicolae_ru_awakened_eye
D:6:      minmay_opposing_rooms, grunt_dithmenos_smoke, serial_shops,
          nicolae_shop_behind_doors, trog_ov_bears_minmay
D:8:      kennysheep_mini_moat, old_standard_altar, lemuel_round_altar,
          old_standard_altar, basic_altar
D:9:      nicolae_overflow_crystal_walls, serial_shops, kennysheep_mini
D:10:     david_lair_shrubbed, serial_corexii_hall, corexii_hall_statues_i,
          corexii_hall_statues_u, grunt_tengu_nest, uniq_erica, uniq_urug
D:11:     cheibrodos_grave_circle, serial_shops, bzr_entry_road, uniq_sonja
D:12:     orc_0_dummy, lab_entry_generic, uniq_josephine
D:13:     basic_altar, serial_shops, nicolae_shop_trees
Temple:   eino_temple_lava
Lab:      labyrinth_hidden_loot, labyrinth_lava_lair, nicolae_lab_x,
          nicolae_lab_very_dead_end, nicolae_lab_quarters,
          labyrinth_skeletal_remains
Bazaar:   bazaar_minmay_generic_island

Skill      XL: |  1  2  3  4  5  6  7  8  9 10 11 |
---------------+----------------------------------+-----
Unarmed Combat | 3 4 5 6 7 9 10 11 12 | 12.0
Fighting       | 2 5 6 7 |  7.2
Dodging        | 3 4 |  4.4
Shields        | 4 6 8 |  8.1
Invocations    | 2 3 6 |  6.1
Spellcasting   | |  1.2
Charms         | |  2.0

Action                   |  1- 3 |  4- 6 |  7- 9 | 10-12 || total
-------------------------+-------+-------+-------+-------++-------
Melee: Unarmed           |    69 |   139 |   240 |   270 ||   718
       Punch             |     1 |     2 |    15 |     1 ||    19
 Cast: Shroud of Golubri |       |     2 |       |       ||     2
Invok: Minor Destruction |       |       |     1 |     5 ||     6
       Lesser Servant of |       |       |       |     7 ||     7
Evoke: Wand              |       |       |     6 |     6 ||    12
  Use: Scroll            |       |     2 |     4 |     6 ||    12
       Potion            |       |       |       |     7 ||     7
 Stab: Sleeping          |     1 |       |     1 |       ||     2
  Eat: Chunk             |     9 |    10 |    16 |    19 ||    54
Armor: Robe              |    28 |    34 |    59 |    50 ||   171
       Troll leather arm |       |       |       |    33 ||    33
       Skin              |       |       |       |     5 ||     5
Dodge: Dodged            |    31 |    57 |    92 |    77 ||   257
Block: Shield            |       |       |       |   142 ||   142

Table legend:
 A = Spawn XP
 B = Non-spawn XP
 C = Spawn XP percentage of total XP
 D = Spawn monster count
 E = Non-spawn monster count
 F = Spawn count percentage of total count
 G = Total turns spent on level
                    A         B        C        D         E        F      G
               +---------+---------+-------+---------+---------+-------+---------
         Total |       0 |   20855 |   0.0 |       0 |     211 |   0.0 |  4774
               +---------+---------+-------+---------+---------+-------+---------
           D:1 |       0 |      29 |   0.0 |       0 |      10 |   0.0 |   141
           D:2 |       0 |      33 |   0.0 |       0 |      12 |   0.0 |   145
           D:3 |       0 |     216 |   0.0 |       0 |      28 |   0.0 |   496
           D:4 |       0 |      24 |   0.0 |       0 |       4 |   0.0 |   340
           D:5 |       0 |     426 |   0.0 |       0 |      12 |   0.0 |   391
           D:6 |       0 |      89 |   0.0 |       0 |       5 |   0.0 |   234
           D:7 |       0 |    1512 |   0.0 |       0 |      23 |   0.0 |   494
           D:8 |       0 |     622 |   0.0 |       0 |      13 |   0.0 |   364
           D:9 |       0 |    3424 |   0.0 |       0 |      30 |   0.0 |   657
          D:10 |       0 |    3013 |   0.0 |       0 |      11 |   0.0 |   291
          D:11 |       0 |    4227 |   0.0 |       0 |      36 |   0.0 |   511
          D:12 |       0 |    5878 |   0.0 |       0 |      25 |   0.0 |   399
           Lab |       0 |    1362 |   0.0 |       0 |       2 |   0.0 |   221
               +---------+---------+-------+---------+---------+-------+---------
